 Dungeon Crawl Stone Soup version 0.27.0-1-g7a089689b8 (webtiles) character file.

Game seed: 15119119038244437766

1785 HoaS the Cruncher (level 9, 0/48 HPs)
             Began as a Gargoyle Gladiator on Aug 13, 2021.
             Was a Follower of Okawaru.
             Slain by Pikel (1 damage)
             ... on level 6 of the Dungeon.
             The game lasted 00:11:40 (5863 turns).

HoaS the Cruncher (Gargoyle Gladiator)              Turns: 5863, Time: 00:11:40

Health: 0/48       AC: 18    Str: 21    XL:     9   Next: 8%
Magic:  9/11       EV: 11    Int:  9    God:    Okawaru [*.....]
Gold:   321        SH:  0    Dex: 17    Spells: 8/8 levels left

rFire    . . .     SeeInvis +   a - +2 quarterstaff
rCold    + . .     Faith    .   (shield currently unavailable)
rNeg     + . .     Spirit   .   k - +0 chain mail {rC+}
rPois    ∞         Reflect  .   u - +1 helmet {SInv}
rElec    +         Harm     .   (no cloak)
rCorr    .         Rampage  .   (no gloves)
Will     .....                  (no boots)
Stlth    ..........             (no amulet)
HPRegen  0.16/turn              h - +6 ring of dexterity
MPRegen  0.12/turn              c - ring of flight

@: mighty, heroic, flying
A: sickness immunity, AC +6, negative energy resistance 1, electricity
resistance, torment resistance 1, petrification resistance
a: Renounce Religion, Heroism


You were on level 6 of the Dungeon.
You worshipped Okawaru.
Okawaru was aware of your devotion.
You visited 2 branches of the dungeon, and saw 7 of its levels.

You collected 321 gold pieces.

Inventory:

Hand Weapons
 a - a +2 quarterstaff (weapon)
Missiles
 d - 3 throwing nets (quivered)
 i - 90 arrows
 p - 10 boomerangs
 q - 5 poisoned darts
 x - a curare-tipped dart
Armour
 k - a +0 chain mail of cold resistance (worn)
 u - a +1 helmet of see invisible (worn)
Jewellery
 c - a ring of flight (right hand)
 h - a +6 ring of dexterity (left hand)
Wands
 l - a wand of flame (8)
 t - a wand of acid (7)
Scrolls
 w - a scroll of magic mapping {unknown}
Potions
 b - a potion of ambrosia {unknown}
 e - a potion of flight {unknown}
 f - a potion of magic {unknown}
 g - a potion of might
 j - a potion of degeneration {unknown}
 m - 2 potions of attraction {unknown}
 n - a potion of brilliance {unknown}
 o - a potion of heal wounds {unknown}
 r - a potion of lignification {unknown}
 s - a potion of cancellation {unknown}
 v - a potion of curing {unknown}


   Skills:
 - Level 2.1(7.1) Fighting
 * Level 11.0(16.0) Staves
 - Level 2.0(7.0) Bows
 - Level 1.7(6.7) Throwing
 - Level 2.4(7.4) Dodging
 - Level 3.0 Invocations


You had 8 spell levels left.
You didn't know any spells.
Your spell library contained the following spells:

 Spells                   Type           Power      Damage    Failure   Level
 Freeze                   Ice            0%         1d3       98%         1
 Frozen Ramparts          Ice            0%         1d2       100%        3
 Hailstorm                Conj/Ice       0%         3d3       100%        4


Dungeon Overview and Level Annotations

Branches:
Dungeon (6/15)             Temple (1/1) D:5

Altars:
Ashenzari
Cheibriados
Elyvilon
Fedhas
Gozag
Kikubaaqudgha
Makhleb
Nemelex Xobeh
Okawaru
Qazlal
Ru
Sif Muna
Trog
Uskayaw
Xom
Zin
The Shining One

Annotations:
D:6 Pikel


Innate Abilities, Weirdness & Mutations

You are immune to sickness and miasma.
Your stone body is resilient. (AC +6)
You are immune to poison.
You resist negative energy. (rN+)
You are resistant to electric shocks. (rElec)
You are resistant to unholy torment.
You are immune to petrification.


Message History

You sock Pikel!
Pikel is moderately wounded.
Pikel hits you with a +0 whip of flaming.
Pikel burns you.
You closely miss Pikel.
Pikel is moderately wounded.
The lemure hits you but does no damage. Pikel closely misses you.
You hit Pikel.
Pikel is heavily wounded.
The lemure barely misses you. Pikel hits you but does no damage.
You hit Pikel but do no damage.
Pikel is heavily wounded.
You hit Pikel.
Pikel is heavily wounded.
The lemure hits you.
Pikel hits you with a +0 whip of flaming.
Pikel burns you. The lemure hits you.
You gain the combat prowess of a mighty hero.
Pikel barely misses you. The lemure hits you. The lemure barely misses you.
You closely miss Pikel.
Pikel is heavily wounded.
Pikel hits you with a +0 whip of flaming!
Pikel burns you.
* * * LOW HITPOINT WARNING * * *
The lemure hits you!
* * * LOW HITPOINT WARNING * * *
The lemure barely misses you.
You hit Pikel.
Pikel is heavily wounded.
You hit Pikel but do no damage.
Pikel is heavily wounded.
Pikel barely misses you. The lemure hits you but does no damage.
The lemure closely misses you.
You feel very mighty all of a sudden. The lemure hits you.
* * * LOW HITPOINT WARNING * * *
Pikel hits you with a +0 whip of flaming.
* * * LOW HITPOINT WARNING * * *
Pikel burns you.
You die...

#.............#.
###+#.............##
#.......#########...
#.......# #...
#...##### #... .
#...#5. # #...
..##+##...#5# .# #...
........###5# #.##
####
........#@#.##...###.
........55K5..._.....
........#5.###...##.#
........#..# #.##
##....[##..# .#
#..... ...# .
#.....#.... ##
#.....#.....
#.....#.....


You could see Pikel (invisible) and 4 lemures.

Vanquished Creatures
  Eustachio (D:5)
  3 sky beasts
  A black bear (D:5)
  An ice beast (D:6)
  A necrophage (D:6)
  A kobold brigand (D:6)
  2 scorpions
  A water moccasin skeleton (D:4)
  2 howler monkeys (D:4)
  A jelly (D:4)
  2 hounds
  A gnoll shaman (D:5)
  3 orc priests
  2 bullfrog skeletons (D:5)
  An iguana (D:5)
  3 orc wizards
  2 hound zombies
  2 hound skeletons (D:4)
  Robin (D:3)
  7 gnolls
  9 river rats (D:5)
  5 adders
  2 worms
  6 dart slugs
  15 orcs
  3 ball pythons
  9 endoplasms
  3 giant cockroaches
  19 goblins
  5 hobgoblins
  12 jackals
  9 kobolds
  9 quokkas
  4 bats
  2 frilled lizards
  19 rats
169 creatures vanquished.

Notes
Turn   | Place    | Note
-------+----------+-------------------------------------------
     0 | D:1      | HoaS the Gargoyle Gladiator began the quest for the Orb.
     0 | D:1      | Reached XP level 1. HP: 12/12 MP: 1/1
   233 | D:1      | Reached XP level 2. HP: 17/17 MP: 2/2
   619 | D:1      | Reached skill level 4 in Staves
   644 | D:1      | Reached XP level 3. HP: 18/21 MP: 3/3
  1024 | D:2      | Reached XP level 4. HP: 19/26 MP: 4/4
  1166 | D:2      | Reached skill level 5 in Staves
  1552 | D:3      | Reached XP level 5. HP: 29/30 MP: 5/5
  1554 | D:3      | Noticed Robin
  1583 | D:3      | Killed Robin
  1857 | D:3      | Reached skill level 6 in Staves
  2277 | D:3      | Reached XP level 6. HP: 35/35 MP: 6/6
  2330 | D:3      | Found a faded altar of an unknown god.
  2850 | D:4      | Reached skill level 7 in Staves
  3224 | D:4      | Identified the +1 ring mail "Onteal" {Int+2 SInv}
  3227 | D:4      | Found a shimmering blue altar of Sif Muna.
  3347 | D:4      | Noticed a sky beast
  3353 | D:4      | Reached XP level 7. HP: 37/40 MP: 7/7
  3366 | D:4      | Reached skill level 8 in Staves
  3686 | D:5      | Entered Level 5 of the Dungeon
  3848 | D:5      | Reached skill level 9 in Staves
  3906 | D:5      | Reached XP level 8. HP: 22/44 MP: 8/8
  4090 | D:5      | Noticed Eustachio
  4103 | D:5      | Killed Eustachio
  4252 | D:5      | Found a staircase to the Ecumenical Temple.
  4290 | Temple   | Entered the Ecumenical Temple
  4350 | Temple   | Became a worshipper of Warmaster Okawaru
  4656 | D:5      | Reached skill level 10 in Staves
  4656 | D:5      | Reached skill level 1 in Bows
  4656 | D:5      | Reached skill level 1 in Invocations
  5291 | D:5      | Found a blossoming altar of Fedhas.
  5533 | D:6      | Reached * piety under Okawaru
  5550 | D:6      | Reached XP level 9. HP: 33/48 MP: 11/11
  5781 | D:6      | Reached skill level 11 in Staves
  5840 | D:6      | Found an opulent altar of Gozag.
  5842 | D:6      | Noticed Pikel
  5863 | D:6      | HP: 2/48 [lemure[Pikel] (3)]
  5863 | D:6      | Slain by Pikel

Illustrated notes

Levels and vault maps discovered:
D:1:      dpeg_arrival_tiny_d, layout_loops_ring
D:2:      layout_basic, wad_floor_pattern_untrapped
D:3:      layout_basic, shapermc_ecumenical_altar_totnotflames, uniq_robin
D:4:      minmay_clustersquares, layout_loops_ring, led_sif_pool
D:5:      lemuel_ratsnest, layout_loops_ring, fedhas_altar_4,
          minmay_temple_entry_stoned_glass, uniq_eustachio
D:6:      layout_gridville, nicolae_overflow_crystal_walls, uniq_pikel
Temple:   zaba_magenta_temple

Skill      XL: |  1  2  3  4  5  6  7  8  9 |
---------------+----------------------------+-----
Staves         | 4 5 6 7 9 10 11 | 11.0
Bows           | 2 |  2.0
Invocations    | 3 |  3.0
Fighting       | |  2.1
Throwing       | |  1.7
Dodging        | |  2.4

Action                   |  1- 3 |  4- 6 |  7- 9 || total
-------------------------+-------+-------+-------++-------
Melee: Quarterstaff      |    76 |   204 |   316 ||   596
Throw: Throwing net      |       |     1 |       ||     1
Invok: Heroism           |       |       |     1 ||     1
  Use: Scroll            |     1 |     2 |     6 ||     9
       Potion            |       |       |     1 ||     1
Armor: Leather armour    |     5 |       |       ||     5
       Ring mail         |    16 |       |       ||    16
       Chain mail        |     6 |   100 |   173 ||   279
Dodge: Dodged            |    46 |    74 |   109 ||   229
